AoeStats
← Green Assassin

MegaRandom

509146799Analyzed
4v4 RM · 5d ago on Sep 25, 2026· 19m 45s· 8 players
Game mode
Random Map
Map size
Large (8 player)
Population
200
Speed
Normal
Resources
Standard
Victory
Conquest
Starting age
Dark Age
Ending age
Imperial Age
RankedLock teamsTeams togetherTeam positionsShared explorationLock speedFull tech treeHidden civsTurbo modeCheats
Victory
Defeat
🇨🇳 Vietnamese · China
1320
+11
🇯🇵 Japanese · Japan
1235
+15
🇪🇸 Malians · Spain
1232
+15
🇨🇳 Franks · China
1160
+18
🇩🇪 Vikings · Germany
1306
-20
🇩🇪 Ethiopians · Germany
1221
-15
1149
-12
🇰🇬 Saxons · Kyrgyzstan
1141
-12
SimonGood
7:21 Loom
9:58 Feudal Age
12:52 Double-Bit Axe
14:43 Fletching
< Lucho >
7:18 Loom
9:17 Feudal Age
9:59 Double-Bit Axe
9:57 Horse Collar
16:47 Castle Age
17:02 Scale Mail Armor
17:49 Wheelbarrow
16:56 Pikeman
19:36 Bow Saw
hirai
9:50 Feudal Age
10:23 Double-Bit Axe
10:47 Man-at-Arms
11:27 Horse Collar
12:08 Loom
13:38 Fletching
15:16 Town Watch
18:12 Wheelbarrow
20:12 Gold Mining
945100118
11:38 Feudal Age
15:37 Castle Age
14:12 Double-Bit Axe
16:11 Scale Barding Armor
The Viper (Minus quick walls)
6:20 Loom
9:09 Feudal Age
10:40 Double-Bit Axe
12:43 Forging
15:26 Scale Barding Armor
17:35 Wheelbarrow
Panzarx
6:28 Loom
11:38 Feudal Age
12:16 Double-Bit Axe
17:20 Fletching
17:31 Padded Archer Armor
19:29 Horse Collar
Green Assassin
0:29 Loom
11:23 Feudal Age
14:46 Man-at-Arms
15:19 Fletching
Te0n
10:54 Feudal Age
9:25 Loom
11:14 Feudal Age
17:21 Castle Age
16:34 Double-Bit Axe
16:31 Horse Collar
17:02 Stone Mining
19:52 Scale Mail Armor
Connection lost

Rejoining the realm…

Still unreachable

The connection could not be restored.

Session expired

The server has moved on; the page needs a fresh start.